 Dungeon Crawl Stone Soup version 0.22-a0-99-g1ac4c55 (console) character file.

66 nht the Bolt Thrower (level 3, -1/30 HPs)
             Began as a Minotaur Hunter on Jan 25, 2018.
             Slain by Robin
             ... wielding a +1 trident of piercing
              (6 damage)
             ... on level 2 of the Dungeon.
             The game lasted 00:00:58 (815 turns).

nht the Bolt Thrower (Minotaur Hunter)               Turns: 815, Time: 00:00:58

Health: -1/30      AC:  5    Str: 17    XL:     3   Next: 96%
Magic:  2/2        EV: 12    Int:  8    God:
Gold:   49         SH:  0    Dex: 10    Spells: 2/2 levels left

rFire    + . .     SeeInvis .   a - +1 hand crossbow
rCold    . . .     Gourm    .   (no shield)
rNeg     . . .     Faith    .   j - +2 leather armour {rF+}
rPois    .         Spirit   .   (helmet restricted)
rElec    .         Reflect  .   (no cloak)
rCorr    .         Harm     .   (no gloves)
MR       .....                  (no boots)
Stlth    +.........             (no amulet)
HPRegen  0.10/turn              (no ring)
MPRegen  0.08/turn              (no ring)

@: no status effects
A: retaliatory headbutt, horns 2
a: no special abilities


You were on level 2 of the Dungeon.
You were not hungry.

You visited 1 branch of the dungeon, and saw 2 of its levels.

You collected 49 gold pieces.

Inventory:

Hand Weapons
 a - a +1 hand crossbow (weapon)
 b - a +0 short sword
Missiles
 d - 19 bolts (quivered)
Armour
 j - a +2 leather armour of fire resistance (worn)
Scrolls
 c - a scroll of blinking {unknown}
 e - 2 scrolls of remove curse {unknown}
 h - 2 scrolls of noise {unknown}
 i - a scroll of enchant weapon {unknown}
Potions
 k - a potion of magic {unknown}
Comestibles
 f - 3 rations
 g - a chunk of flesh


   Skills:
 - Level 2.4 Fighting
 + Level 6.1 Crossbows
 - Level 2.1 Dodging
 - Level 0.7 Stealth


You had 2 spell levels left.
You didn't know any spells.

Dungeon Overview and Level Annotations

Branches:
Dungeon (2/15)

Altars:

Annotations:
D:2 Robin


Innate Abilities, Weirdness & Mutations

You reflexively headbutt those who attack you in melee.
You have a pair of horns on your head.


Message History

You headbutt the hobgoblin. The hobgoblin hits you.
Firing (i - inventory):
d - 21 bolts (quivered)
Press: ? - help, Shift-Dir - straight line, f/p - hobgoblin
Aim: a hobgoblin, wielding a club and wearing a ring mail (severely wounded, unusually strong)
You shoot a bolt.
The bolt hits the hobgoblin but does no damage.
The hobgoblin is severely wounded.
Robin hits you but does no damage. The hobgoblin completely misses you.
The hobgoblin hits you with a club.
Firing (i - inventory):
d - 20 bolts (quivered)
Press: ? - help, Shift-Dir - straight line, f/p - hobgoblin
Aim: a hobgoblin, wielding a club and wearing a ring mail (severely wounded, unusually strong)
You shoot a bolt. The bolt barely misses the hobgoblin.
Robin throws the goblin at you! The hobgoblin barely misses you.
You furiously retaliate!
You headbutt the hobgoblin. The hobgoblin hits you with a club.
* * * LOW HITPOINT WARNING * * *
The goblin barely misses you.
Robin hits you from afar with a trident of piercing.
You die... ████

...█ ...█ ...█
██████.
...███.......
.......█
......████████████
...██...........(█
...█████████████.█
...█


█g█ ...█ █@█ ...█ █ggS..... ...█ █g(g.█.$. ...█ █.(█... ...█ .......█ ...█
..██..... █████ ... . ███ ..... █..█ █ █████ You could see Robin, an adder, 2
hobgoblins and 2 goblins.

Vanquished Creatures
  An adder (D:2)
  An ooze (D:1)
  3 dart slugs (D:1)
  2 leopard geckos (D:1)
  A ball python (D:1)
  A giant cockroach (D:1)
  8 goblins
  10 hobgoblins
  A quokka (D:2)
  4 bats
  3 frilled lizards
  4 kobolds (D:1)
  2 rats (D:1)
41 creatures vanquished.

Notes
Turn   | Place    | Note
-------+----------+-------------------------------------------
     0 | D:1      | nht the Minotaur Hunter began the quest for the Orb.
     0 | D:1      | Reached XP level 1. HP: 18/18 MP: 0/0
   100 | D:1      | Reached skill level 5 in Crossbows
   100 | D:1      | Reached XP level 2. HP: 25/25 MP: 1/1
   401 | D:1      | Reached XP level 3. HP: 27/30 MP: 2/2
   786 | D:2      | Reached skill level 6 in Crossbows
   804 | D:2      | Noticed Robin
   815 | D:2      | Slain by Robin

Vault maps used:
D:1:      roderic_chinese_lattice_arrival
D:2:      uniq_terence, uniq_jessica, uniq_robin, uniq_sigmund

Skill      XL: |  1  2  3 |
---------------+----------+-----
Crossbows      | 5 6 |  6.1
Fighting       | |  2.4
Dodging        | |  2.1
Stealth        | |  0.7

Action                   || total
-------------------------++-------
 Fire: Hand crossbow     ||    85
Armor: Leather armour    ||     9
Dodge: Dodged            ||    19

Table legend:
 A = Spawn XP
 B = Non-spawn XP
 C = Spawn XP percentage of total XP
 D = Spawn monster count
 E = Non-spawn monster count
 F = Spawn count percentage of total count
 G = Total turns spent on level
                    A         B        C        D         E        F      G
               +---------+---------+-------+---------+---------+-------+---------
         Total |       0 |      95 |   0.0 |       0 |      41 |   0.0 |   815
               +---------+---------+-------+---------+---------+-------+---------
           D:1 |       0 |      60 |   0.0 |       0 |      28 |   0.0 |   703
           D:2 |       0 |      35 |   0.0 |       0 |      13 |   0.0 |   112
               +---------+---------+-------+---------+---------+-------+---------
